 Dungeon Crawl Stone Soup version 0.30-a0-23-ge60ba3568b (webtiles) character file.

Game seed: 12248736390025246079

764 Cedruin the Chopper (level 7, 0/55 HPs)
             Began as a Demonspawn Gladiator on Aug 24, 2022.
             Succumbed to an orc wizard's poison
             ... on level 5 of the Dungeon.
             The game lasted 00:05:50 (5714 turns).

Cedruin the Chopper (Demonspawn Gladiator)          Turns: 5714, Time: 00:05:51

Health: 0/55       AC: 16    Str: 16    XL:     7   Next: 51%
Magic:  7/7        EV: 12    Int: 10    God:
Gold:   261        SH:  0    Dex: 14    Spells: 6/6 levels left

rFire   . . .      SeeInvis .    a - +1 war axe (protect)
rCold   . . .      Faith    .    (no shield)
rNeg    . . .      Spirit   .    k - +0 ring mail
rPois   .          Reflect  .    c - +1 helmet
rElec   .          Harm     .    v - +0 cloak
rCorr   .          Rampage  .    (no gloves)
Will    .....                    (no boots)
Stlth   +.........               p - amulet of the acrobat
HPRegen 0.18/turn                (no ring)
MPRegen 0.10/turn                (no ring)

@: lethally poisoned (0 -> -17), under a protective aura
A: powered by pain 1, sharp scales 1, weakness stinger 1
a: no special abilities


You were on level 5 of the Dungeon.
You visited 1 branch of the dungeon, and saw 5 of its levels.

You collected 261 gold pieces.

Inventory:

Hand Weapons
 a - a +1 war axe of protection (weapon)
Missiles
 d - 3 throwing nets (quivered)
 e - a javelin
Armour
 c - a +1 helmet (worn)
 k - a +0 ring mail (worn)
 v - a +0 cloak (worn)
Jewellery
 p - an amulet of the acrobat (around neck)
Scrolls
 b - a scroll of poison
 r - a scroll of enchant armour
 t - a scroll of teleportation
Potions
 g - 3 potions of heal wounds {unknown}
 h - a potion of brilliance {unknown}
 i - 2 potions of cancellation
 j - a potion of degeneration {unknown}
 l - a potion of invisibility {unknown}
 n - 2 potions of curing
 o - 2 potions of magic {unknown}
 q - 3 potions of lignification {unknown}
 s - a potion of attraction {unknown}
 u - a potion of might {unknown}
 w - a potion of flight {unknown}


   Skills:
 + Level 4.5 Fighting
 * Level 6.1 Axes
 - Level 1.7 Throwing
 + Level 4.6 Dodging


You had 6 spell levels left.
You didn't know any spells.
Your spell library contained the following spells:

 Spells                   Type           Power      Damage    Failure   Level
 Apportation              Tloc           0%         N/A       58%         1
 Foxfire                  Conj/Fire      0%         2x1d4     58%         1
 Necrotise                Necr           0%         1d4       58%         1
 Summon Small Mammal      Summ           0%         N/A       58%         1
 Call Canine Familiar     Summ           0%         N/A       91%         3
 Conjure Flame            Conj/Fire      0%         6-21      91%         3
 Inner Flame              Hex/Fire       0%         N/A       91%         3
 Ozocubu's Armour         Ice            0%         N/A       91%         3
 Summon Guardian Golem    Hex/Summ       0%         N/A       91%         3
 Anguish                  Hex/Necr       0%         N/A       100%        4
 Flame Wave               Conj/Fire      0%         2d4       100%        4
 Metabolic Englaciation   Hex/Ice        0%         N/A       100%        5
 Simulacrum               Ice/Necr       0%         N/A       100%        6
 Enfeeble                 Hex            0%         N/A       100%        7


Dungeon Overview and Level Annotations

Branches:
Dungeon (5/15)
 Temple: D:4-7

Altars:
Gozag

Shops:
D:2 [   D:4 ?


Innate Abilities, Weirdness & Mutations

You sometimes gain a little power by taking damage.
You are partially covered in razor-sharp scales. (AC +1, Slay +1)
You have a small tail.


Message History

You hear some strange, mumbled words.
You are more confused.
You feel sick. Something hits you but does no damage.
You are lethally poisoned!
* * * LOW HITPOINT WARNING * * *
You feel sick. Something closely misses you.
* * * LOW HITPOINT WARNING * * *
You feel very sick. Something hits you.
* * * LOW HITPOINT WARNING * * *
You are more poisoned.
You feel better. Something hits you.
* * * LOW HITPOINT WARNING * * *
You are lethally poisoned!
You feel better. Something hits you but does no damage.
You are poisoned.
Cleave: a) +1 war axe (protect)
Press: ? - help, Dir - move target You closely miss something.
Your tail-slap misses something.
You feel sick.
You hear some strange, mumbled words.
A magic dart appears from out of thin air!
The magic dart hits you!
* * * LOW HITPOINT WARNING * * *
Cleave: a) +1 war axe (protect)
Press: ? - help, Dir - move target You barely miss something.
You feel sick. Something hits you but does no damage.
You are lethally poisoned!
Cleave: a) +1 war axe (protect)
Press: ? - help, Dir - move target You miss something.
* * * LOW HITPOINT WARNING * * *
You feel very sick. Something hits you but does no damage.
You are more poisoned.
Cleave: a) +1 war axe (protect)
Press: ? - help, Dir - move target You hit something.
Your weapon exudes an aura of protection.
You die...

.# ..## .
#..## ..
####...#.
###.......
##.......#
#........#
#
#........#
..
##.....)@.#
#.....)..{#
#.........#
#.........#
##.......##
#.......#
###
###.....#
#.P ###...#
#.. #...#
#.~


There were no monsters in sight!

Vanquished Creatures
  Grinder (D:4)
  A phantom (D:4)
  2 necrophages (D:4)
  A scorpion (D:4)
  A howler monkey (D:5)
  A jelly (D:4)
  2 hounds (D:4)
  2 orc priests
  An iguana (D:4)
  An orc wizard (D:3)
  An adder (D:3)
  2 worms
  A dart slug (D:4)
  14 orcs
  5 bats
  3 endoplasms
  5 giant cockroaches
  6 goblins
  6 hobgoblins
  4 quokkas
  4 ball pythons
  8 frilled lizards
  2 kobolds
  7 rats
81 creatures vanquished.

Vanquished Creatures (others)
  2 plants (D:2)
2 creatures vanquished.

Grand Total: 83 creatures vanquished

Notes
Turn   | Place    | Note
-------+----------+-------------------------------------------
     0 | D:1      | Cedruin the Demonspawn Gladiator began the quest for the
                  | Orb.
     0 | D:1      | Reached XP level 1. HP: 16/16 MP: 1/1
   423 | D:1      | Reached skill level 3 in Axes
   423 | D:1      | Gained mutation: You sometimes gain a little power by
                  | taking damage. [demonic ancestry]
   423 | D:1      | Reached XP level 2. HP: 21/22 MP: 2/2
  1196 | D:2      | Found Safa's Antique Armour Boutique.
  1416 | D:2      | Reached XP level 3. HP: 27/28 MP: 3/3
  1945 | D:3      | Gained mutation: You have a small tail. [demonic ancestry]
  1945 | D:3      | Reached XP level 4. HP: 13/34 MP: 4/4
  2738 | D:3      | Reached skill level 4 in Axes
  3216 | D:3      | Found an opulent altar of Gozag.
  3783 | D:4      | Reached XP level 5. HP: 20/41 MP: 5/5
  4256 | D:4      | Reached XP level 6. HP: 30/47 MP: 6/6
  4567 | D:4      | Reached skill level 5 in Axes
  4755 | D:4      | Noticed Grinder
  4774 | D:4      | Killed Grinder
  4775 | D:4      | Gained mutation: You are partially covered in razor-sharp
                  | scales. (AC +1, Slay +1) [demonic ancestry]
  4775 | D:4      | Reached XP level 7. HP: 9/54 MP: 7/7
  5480 | D:4      | Found Cibbiz Xyapt's Magic Scroll Shop.
  5569 | D:4      | Reached skill level 6 in Axes
  5571 | D:5      | Entered Level 5 of the Dungeon
  5708 | D:5      | HP: 2/55 [something (3)]
  5714 | D:5      | Succumbed to an orc wizard's poison

Illustrated notes

Levels and vault maps discovered:
D:1:      heliophobic_arrival_ceremonial_halls, layout_loops_ring,
          serial_rivers, chequers_serial_rivers_micro_d,
          chequers_serial_rivers_room_a, chequers_serial_rivers_micro_b,
          chequers_serial_rivers_micro_c, chequers_serial_rivers_micro_d,
          minmay_curled_crystal
D:2:      layout_loops_cross, serial_bayou, serial_bayou_crossing,
          serial_bayou_pond_d, serial_bayou_lagoon_a, serial_bayou_pond_e,
          serial_shops, nicolae_square_shop, minmay_hexomino_c4
D:3:      layout_basic, mainiacjoe_overflow_six_doors_small,
          minmay_misc_feat_rows
D:4:      layout_gridville, serial_shops, shop, uniq_grinder
D:5:      layout_cave_pods, nicolae_overflow_hidden_temple,
          yredelemnul_altar_generic, serial_undead, serial_undead_f,
          serial_undead_e, serial_undead_f, serial_undead_f, st_stairs_7,
          minmay_misc_feat_five, uniq_blork_the_orc

Skill      XL: |  1  2  3  4  5  6  7 |
---------------+----------------------+-----
Axes           | 3 4 5 6 |  6.1
Dodging        | 3 4 |  4.6
Fighting       | 3 4 |  4.5
Throwing       | |  1.7

Action                   |  1- 3 |  4- 6 |  7- 9 || total
-------------------------+-------+-------+-------++-------
Melee: War axe           |   115 |   131 |    18 ||   264
       Tailslap          |       |    18 |     3 ||    21
Throw: Throwing net      |       |     3 |       ||     3
  Use: Scroll            |     9 |     2 |     1 ||    12
       Potion            |       |     1 |     2 ||     3
Armor: Ring mail         |    54 |    66 |    13 ||   133
       Leather armour    |     5 |       |       ||     5
Dodge: Dodged            |    64 |   102 |    11 ||   177

Table legend: (Time is in decaauts)
 A = Elapsed time spent in this place.
 B = Non-inter-level travel time spent in this place.
 C = Inter-level travel time spent in this place.
 D = Time resting spent in this place.
 E = Time spent auto-exploring this place.
 F = Levels seen in this place.
 G = Mean time per level.
                   A        B        C        D        E       F      G
               +--------+--------+--------+--------+--------+-----+--------+
         Total |   5803 |   5734 |     69 |    402 |   4673 |   5 | 1160.6 |
       Dungeon |   5803 |   5734 |     69 |    402 |   4673 |   5 | 1160.6 |
               +--------+--------+--------+--------+--------+-----+--------+

Top non-repeatable levels by time:
     D:3: 2242 daAuts
     D:4: 1581 daAuts
     D:2: 955 daAuts
     D:1: 878 daAuts
     D:5: 144 daAuts
